 Dungeon Crawl Stone Soup version 0.29.1-12-g30fa7ad0bf (webtiles) character file.

Game seed: 9272710193617957735

646 devnull the Chopper (level 7, -6/55 HPs)
             Began as a Ghoul Gladiator on Dec 30, 2022.
             Mangled by an orc
             ... wielding a +0 trident
              (8 damage)
             ... on level 5 of the Dungeon.
             The game lasted 00:09:19 (4308 turns).

devnull the Chopper (Ghoul Gladiator)               Turns: 4308, Time: 00:09:19

Health: -6/55      AC:  8    Str: 15 (20) XL:     7   Next: 52%
Magic:  6/6        EV:  9    Int: -1 (3)  God:
Gold:   259        SH:  2    Dex:  6 (10) Spells: 6/6 levels left

rFire   + . .      SeeInvis .   a - +0 war axe
rCold   + + .      Faith    .   z - +0 buckler
rNeg    + + +      Spirit   .   y - +0 scale mail
rPois   ∞          Reflect  .   c - +0 helmet
rElec   +          Harm     .   (no cloak)
rCorr   +          Rampage  .   (no gloves)
Will    .....                   s - +0 pair of boots
Stlth   ..........              (no amulet)
HPRegen 0.00/turn               (no ring)
MPRegen 0.10/turn               (no ring)

@: resistant, flying, inhibited regen, slowed, lost intelligence, unable to
read, very slow
A: claws 1, cold resistance 1, negative energy resistance 3, inhibited
regeneration, torment resistance 2, devour on kill
a: no special abilities


You were on level 5 of the Dungeon.
You visited 1 branch of the dungeon, and saw 5 of its levels.

You collected 259 gold pieces.

Inventory:

Hand Weapons
 a - a +0 war axe (weapon)
Missiles
 d - 2 throwing nets (quivered)
Armour
 c - a +0 helmet (worn)
 s - a +0 pair of boots (worn)
 y - a +0 scale mail (worn)
 z - a +0 buckler (worn)
Scrolls
 e - 3 scrolls of vulnerability
 h - 4 scrolls of identify
 i - 2 scrolls of amnesia {unknown}
 l - a scroll of magic mapping {unknown}
 m - 3 scrolls of noise {unknown}
 n - 4 scrolls of teleportation {unknown}
 o - 2 scrolls of immolation {unknown}
 r - 2 scrolls of enchant weapon {unknown}
 t - 2 scrolls of summoning {unknown}
 u - a scroll of enchant armour {unknown}
 x - a scroll of butterflies {unknown}
Potions
 b - a potion of heal wounds {unknown}
 f - a potion of invisibility {unknown}
 g - a potion of mutation
 j - a potion of resistance
 k - a potion of haste {unknown}
 p - 4 potions of degeneration
 v - a potion of curing {unknown}
 w - a potion of might {unknown}
 A - a potion of attraction {unknown}


   Skills:
 - Level 2.1 Fighting
 + Level 7.7 Axes
 - Level 1.7 Throwing
 - Level 2.6 Dodging
 + Level 0.3 Shields


You had 6 spell levels left.
You didn't know any spells.
Your spell library contained the following spells:

 Spells                   Type           Power      Damage    Failure   Level
 Sandblast                Erth           0%         2d4       99%         1
 Passwall                 Tmut/Erth      0%         N/A       100%        2
 Stone Arrow              Conj/Erth      0%         3d7       100%        3


Dungeon Overview and Level Annotations

Branches:
Dungeon (5/15)
 Temple: D:4-7

Altars:
Hepliaklqana
Wu Jian
Yredelemnul


Innate Abilities, Weirdness & Mutations

You are immune to poison.
You have sharp fingernails.
Your flesh is cold resistant. (rC+)
You are immune to negative energy. (rN+++)
You do not regenerate when monsters are visible.
You are immune to unholy pain and torment.
You thrive by killing the living.


Message History

You feel dopey.
Your body decomposes!
You feel weakened. Something hits you.
* * * LOW HITPOINT WARNING * * *
You block the orc's attack.
Unknown command.
It was a potion of resistance.
You feel protected. The orc hits you but does no damage.
Something hits you but does no damage.
It was a potion of flight.
You feel very buoyant.
You fly up into the air.
Something hits you.
* * * LOW HITPOINT WARNING * * *
The orc closely misses you.
It was a potion of degeneration.
There was something very wrong with that liquid.
You feel weakened.
You feel dopey.
You have lost your intelligence.
You feel clumsy. Something hits you but does no damage.
The orc hits you from afar with a +0 trident.
* * * LOW HITPOINT WARNING * * *
Something hits you but does no damage. The orc hits you but does no damage.
Something hits you.
* * * LOW HITPOINT WARNING * * *
The orc barely misses you. Something hits you but does no damage.
The orc hits you but does no damage.
You can move again.
Unknown command.
Unknown command.
Okay, then.
Unknown command.
Unknown command.
You aren't carrying any items that you can evoke.
Throw: 3 throwing nets
Press: ? - help, Shift-Dir - straight line, f - orc
Aim: an orc, wielding a +0 trident (52% to hit)
You throw a throwing net.
Something gets caught in the net!
The orc hits you from afar with a +0 trident!
You die...

............................
########.#######.....#######
#.# ###....# #.# ##_######
#.# #...# #.# ####'####
#.###.#...#.##
#.....'.8.'._#
#####.#.)@#.## ####{#### #.o
##_ ##


You could see an orc.

Vanquished Creatures
  2 scorpions (D:5)
  3 hounds
  An orc priest (D:5)
  2 jellies
  An orc wizard (D:5)
  Natasha (thrice) (D:4)
  6 gnolls
  11 adders
  2 white imps
  2 dart slugs
  8 orcs
  4 ball pythons
  4 bats
  4 endoplasms
  5 giant cockroaches
  6 goblins
  8 hobgoblins
  2 jackals (D:2)
  5 quokkas
  4 frilled lizards
  7 kobolds
  5 rats
95 creatures vanquished.

Vanquished Creatures (others)
  3 plants (D:3)
3 creatures vanquished.

Grand Total: 98 creatures vanquished

Notes
Turn   | Place    | Note
-------+----------+-------------------------------------------
     0 | D:1      | devnull the Ghoul Gladiator began the quest for the Orb.
     0 | D:1      | Reached XP level 1. HP: 17/17 MP: 0/0
   159 | D:1      | Reached skill level 3 in Axes
   182 | D:1      | Reached XP level 2. HP: 21/24 MP: 1/1
   996 | D:2      | Reached XP level 3. HP: 27/29 MP: 2/2
  1073 | D:2      | Reached skill level 4 in Axes
  1140 | D:2      | Reached XP level 4. HP: 33/36 MP: 3/3
  1907 | D:3      | Reached skill level 5 in Axes
  1907 | D:3      | Reached XP level 5. HP: 41/41 MP: 4/4
  2871 | D:4      | Reached skill level 6 in Axes
  2871 | D:4      | Reached XP level 6. HP: 48/48 MP: 5/5
  3133 | D:4      | Noticed Natasha
  3145 | D:4      | Killed Natasha
  3152 | D:4      | Noticed Natasha
  3158 | D:4      | Killed Natasha
  3357 | D:4      | Noticed Natasha
  3361 | D:4      | Killed Natasha
  3550 | D:5      | Entered Level 5 of the Dungeon
  3652 | D:5      | Reached skill level 7 in Axes
  3652 | D:5      | Reached XP level 7. HP: 46/55 MP: 6/6
  4273 | D:5      | Found a hazy altar of Hepliaklqana.
  4276 | D:5      | Found an ornate altar of the Wu Jian Council.
  4280 | D:5      | Found a basalt altar of Yredelemnul.
  4304 | D:5      | Lost intelligence.
  4306 | D:5      | HP: 2/55 [something (1)]
  4308 | D:5      | Mangled by an orc

Illustrated notes

Levels and vault maps discovered:
D:1:      lemuel_arrival_cross, layout_loops_ring, minmay_misc_feat_rugged
D:2:      layout_loops_ring, minmay_tromino_v4_a
D:3:      layout_loops_cross, serial_bayou_ford_a, minmay_misc_feat_encased
D:4:      layout_loops_cross, dk_noncrumbling_3, uniq_natasha
D:5:      layout_basic, mainiacjoe_overflow_small_starburst,
          grunt_temple_overflow_diamond, temple_pool_b, grunt_decor_fettered,
          chequers_serial_rivers_marsh, kennysheep_big_empty_room

Skill      XL: |  1  2  3  4  5  6 |
---------------+-------------------+-----
Axes           | 3 4 5 6 7 |  7.7
Fighting       | |  2.1
Throwing       | |  1.7
Dodging        | |  2.6
Shields        | |  0.3

Action                   |  1- 3 |  4- 6 |  7- 9 || total
-------------------------+-------+-------+-------++-------
Melee: War axe           |   124 |   210 |    69 ||   403
       Punch             |     1 |       |       ||     1
Throw: Javelin           |       |     4 |     1 ||     5
       Throwing net      |       |       |     1 ||     1
  Use: Potion            |       |       |     4 ||     4
       Scroll            |       |       |     1 ||     1
Armor: Leather armour    |    47 |     1 |       ||    48
       Ring mail         |       |    42 |       ||    42
       Scale mail        |       |    62 |    57 ||   119
Dodge: Dodged            |   111 |   154 |    41 ||   306
Block: Buckler           |       |     4 |    13 ||    17
